 Dungeon Crawl Stone Soup version 0.28-a0-1518-gbe868bca14 (webtiles) character file.

Game seed: 5669273014824423178

1453 hashsling the Thaumaturge (level 8, -3/41 HPs)
             Began as a Deep Elf Conjurer on Jan 16, 2022.
             Shot with an arrow by a centaur (11 damage)
             ... on level 5 of the Dungeon.
             The game lasted 00:18:25 (6145 turns).

hashsling the Thaumaturge (Deep Elf Conjurer)       Turns: 6145, Time: 00:18:25

Health: -3/41      AC:  5    Str:  4    XL:     8   Next: 47%
Magic:  18/24      EV: 12    Int: 26    God:
Gold:   223        SH:  0    Dex: 13    Spells: 13/27 levels left

rFire   + . .      SeeInvis .   v - +2 mace (vorpal)
rCold   . . .      Faith    .   (no shield)
rNeg    . . .      Spirit   .   a - +0 robe
rPois   .          Reflect  .   j - +0 helmet
rElec   .          Harm     .   (no cloak)
rCorr   .          Rampage  .   q - +0 pair of gloves
Will    .....                   b - +0 pair of boots
Stlth   ++........              (no amulet)
HPRegen 0.13/turn               f - ring of protection from fire
MPRegen 0.19/turn               (no ring)

@: no status effects
A: no striking features
a: no special abilities


You were on level 5 of the Dungeon.
You visited 1 branch of the dungeon, and saw 5 of its levels.
You also visited: Ossuary.

You collected 223 gold pieces.

Inventory:

Hand Weapons
 v - a +2 vorpal mace (weapon)
Missiles
 g - 5 curare-tipped darts
 i - 3 silver boomerangs
Armour
 a - a +0 robe (worn)
 b - a +0 pair of boots (worn)
 j - a +0 helmet (worn)
 q - a +0 pair of gloves (worn)
Jewellery
 f - a ring of protection from fire (left hand)
Wands
 x - a wand of polymorph (7)
Scrolls
 d - 3 scrolls of summoning {unknown}
 e - a scroll of noise {unknown}
 h - 3 scrolls of teleportation {unknown}
 p - 2 scrolls of identify {unknown}
 r - 3 scrolls of magic mapping {unknown}
 s - 3 scrolls of amnesia {unknown}
 u - a scroll of blinking {unknown}
 y - a scroll of acquirement {unknown}
Potions
 c - 3 potions of brilliance {unknown}
 k - a potion of invisibility {unknown}
 l - a potion of degeneration {unknown}
 m - a potion of cancellation {unknown}
 n - 2 potions of might {unknown}
 o - 2 potions of curing {unknown}
 t - 3 potions of mutation {unknown}
 w - 2 potions of haste {unknown}


   Skills:
 - Level 2.4 Dodging
 - Level 2.4 Stealth
 + Level 10.1 Spellcasting
 + Level 9.2 Conjurations
 - Level 2.0 Hexes


You had 13 spell levels left.
You knew the following spells:

 Your Spells              Type           Power      Damage    Failure   Level
a - Magic Dart            Conj           100%       1d8       1%          1
b - Searing Ray           Conj           100%       2d8       1%          2
c - Dazzling Flash        Conj/Hex       84%        N/A       1%          3
d - Iskenderun's Mystic   Conj/Tloc      37%        2d9       7%          4
e - Fulminant Prism       Conj/Hex       21%        3d13      4%          4

Your spell library contained the following spells:

 Spells                   Type           Power      Damage    Failure   Level
 Corpse Rot               Necr/Air       26%        N/A       7%          2
 Dispel Undead            Necr           13%        3d9       41%         4
 Death Channel            Necr           6%         N/A       100%        6


Dungeon Overview and Level Annotations

Branches:
Dungeon (5/15)            Ossuary (visited)
 Temple: D:4-7

Altars:
Kikubaaqudgha
Trog
Wu Jian


Message History

An orc comes into view. It is wielding a +0 dagger.
Aiming: Magic Dart (safe; 1% risk of failure)
Press: ? - help, Q - select action, (/) - cycle Shift-Dir - straight line, f/p - orc
Aim: an orc, wielding a +0 club and wearing a +0 leather armour (almost dead, 100% to hit)
The magic dart hits the orc!
You kill the orc!
Aiming: Magic Dart (safe; 1% risk of failure)
Press: ? - help, Q - select action, (/) - cycle Shift-Dir - straight line, f - you That beam is likely to hit you.
Continue anyway? [Y]es or [N]o only, please.
That beam is likely to hit you.
Continue anyway?
Okay, then.
Aiming: Magic Dart (safe; 1% risk of failure)
Press: ? - help, Q - select action, (/) - cycle Shift-Dir - straight line, f - orc
Aim: an orc, wielding a +0 dagger and wearing a +0 scale mail (100% to hit)
The magic dart hits the orc.
The orc is heavily wounded.
Aiming: Magic Dart (safe; 1% risk of failure)
Press: ? - help, Q - select action, (/) - cycle Shift-Dir - straight line, f/p - orc
Aim: an orc, wielding a +0 dagger and wearing a +0 scale mail (heavily wounded, 100% to hit)
The magic dart hits the orc!
You kill the orc!
Found 22 arrows.
Things that are here:
a +0 club; 2 boomerangs; an orc corpse You hear the rapid rusting of a distant drain.
You enter the shallow water.
Moving in this stuff is going to be slow.
Found the Catalogue of Evil.
You hear the drain falling apart.
A centaur comes into view.
The centaur shouts!
You hear an angry hiss.
The centaur wields a +0 shortbow.
The centaur shoots an arrow.
The arrow hits you!
The centaur shoots an arrow.
The arrow hits you.
* * * LOW HITPOINT WARNING * * *
An iguana comes into view.
The centaur shoots an arrow.
The arrow hits you.
* * * LOW HITPOINT WARNING * * *
The centaur shoots an arrow.
The arrow hits you!
You die...

.....≈≈≈≈8≈8≈≈≈≈...♣...
.....≈≈≈≈≈⌠≈≈≈≈≈.........
.....≈≈≈≈8≈8≈≈≈≈...♣.....
.....≈≈≈≈≈≈≈≈≈≈≈.........
.....≈≈≈≈≈≈≈≈≈≈≈...♣.....
#..≈≈≈≈≈≈≈≈≈≈≈......#..
#..8≈≈≈≈≈≈≈≈≈8...♣..#.#
#...................#..
##....@................
#.....#######..........
##....# #.......<..
....l.c# ##..#...)).
.##....# #..##..... #
.:.PP.. ##....>)..
....♣P.. #......... ....
.. ...#(...#. #.###.####


You could see a centaur and an iguana.

Vanquished Creatures
  A black bear (D:4)
  An ogre (D:4)
  Blork the orc (D:4)
  5 elf zombies (Ossuary)
  A wyvern skeleton (D:5)
  2 water moccasin skeletons
  A howler monkey (D:4)
  2 centaur zombies (Ossuary)
  3 human zombies (Ossuary)
  An orc priest (D:5)
  A hound (D:5)
  A gnoll shaman (D:4)
  A bullfrog skeleton (D:5)
  Ijyb (D:4)
  2 orc wizards (D:5)
  Natasha (thrice) (D:4)
  3 mummies (Ossuary)
  3 gnolls (D:5)
  8 adders
  An ufetubus (D:4)
  5 adder zombies (Ossuary)
  4 dart slugs
  5 orcs (D:5)
  3 bats
  7 endoplasms
  4 giant cockroaches
  7 goblins
  8 hobgoblins
  5 jackals
  4 quokkas
  5 ball pythons
  A frilled lizard (D:1)
  6 goblin zombies (Ossuary)
  3 hobgoblin zombies (Ossuary)
  4 jackal zombies (Ossuary)
  5 kobolds
  3 kobold zombies (Ossuary)
  An orc zombie (Ossuary)
  2 quokka zombies (Ossuary)
  4 rats (D:1)
  2 rat zombies (Ossuary)
130 creatures vanquished.

Vanquished Creatures (others)
  6 fulminant prisms
6 creatures vanquished.

Grand Total: 136 creatures vanquished

Notes
Turn   | Place    | Note
-------+----------+-------------------------------------------
     0 | D:1      | hashsling the Deep Elf Conjurer began the quest for the
                  | Orb.
     0 | D:1      | Reached XP level 1. HP: 10/10 MP: 6/6
   287 | D:1      | Reached skill level 4 in Spellcasting
   287 | D:1      | Reached XP level 2. HP: 15/15 MP: 6/9
   290 | D:1      | Learned a level 2 spell: Searing Ray
   917 | D:1      | Reached XP level 3. HP: 19/19 MP: 9/11
   921 | D:1      | Learned a level 3 spell: Dazzling Flash
  1122 | D:2      | Reached skill level 5 in Spellcasting
  1433 | D:2      | You fall into a shaft and drop 2 floors!
  1438 | D:4      | Reached XP level 4. HP: 24/24 MP: 8/13
  1480 | D:4      | Reached skill level 6 in Spellcasting
  1646 | D:4      | Noticed a black bear
  1682 | D:4      | Learned a level 4 spell: Iskenderun's Mystic Blast
  1684 | D:4      | Reached skill level 7 in Spellcasting
  1689 | D:4      | Learned a level 4 spell: Fulminant Prism
  1813 | D:4      | Found a sand-covered staircase.
  1819 | Ossuary  | Entered an ossuary
  1833 | Ossuary  | Reached XP level 5. HP: 27/28 MP: 10/16
  1990 | Ossuary  | HP: 1/28 [elf zombie (5)]
  1992 | Ossuary  | Reached skill level 8 in Spellcasting
  2382 | Ossuary  | Reached XP level 6. HP: 10/32 MP: 0/19
  2646 | Ossuary  | Reached skill level 9 in Spellcasting
  3154 | Ossuary  | Reached skill level 10 in Spellcasting
  3352 | Ossuary  | Reached skill level 1 in Hexes
  3352 | Ossuary  | Reached XP level 7. HP: 29/36 MP: 10/22
  3353 | Ossuary  | Reached skill level 5 in Conjurations
  4089 | D:4      | Found an ornate altar of the Wu Jian Council.
  4092 | D:4      | Noticed Blork the orc
  4095 | D:4      | Noticed Ijyb
  4109 | D:4      | Killed Blork the orc
  4110 | D:4      | Killed Ijyb
  4111 | D:4      | Reached XP level 8. HP: 33/41 MP: 7/24
  4146 | D:4      | Noticed Natasha
  4150 | D:4      | Killed Natasha
  4245 | D:4      | Found a bloodstained altar of Trog.
  4465 | D:4      | Noticed Natasha
  4468 | D:4      | Killed Natasha
  5452 | D:4      | Noticed Natasha
  5464 | D:4      | Killed Natasha
  5548 | D:5      | Entered Level 5 of the Dungeon
  6092 | D:5      | Found an ancient bone altar of Kikubaaqudgha.
  6145 | D:5      | Shot with an arrow by a centaur

Illustrated notes

Levels and vault maps discovered:
D:1:      shiori_arrival_oz, layout_loops_ring
D:2:      layout_loops_ring, ebering_ecumenical_altar_hall, uniq_jessica
D:3:      layout_basic
D:4:      layout_loops_ring, mainiacjoe_overflow_large_starburst,
          nicolae_ossuary_entry_monument, uniq_ijyb, uniq_natasha,
          uniq_blork_the_orc
D:5:      layout_cave_pools, mainiacjoe_overflow_chevrons,
          nemelex_xobeh_ov_fountains_minmay, serial_park, serial_park_fountain,
          serial_park_tiny_2, serial_park_tiny_1, serial_park_square1
          [serial_park_minivault_5x5_4], cheibrodos_sewer_entry_bend,
          gammafunk_ghost_hive

Skill      XL: |  1  2  3  4  5  6  7  8 |
---------------+-------------------------+-----
Spellcasting   | 4 5 7 8 10 | 10.1
Hexes          | 1 2 |  2.0
Conjurations   | 7 9 |  9.2
Dodging        | |  2.4
Stealth        | |  2.4

Action                   |  1- 3 |  4- 6 |  7- 9 || total
-------------------------+-------+-------+-------++-------
Melee: Whip              |       |    17 |     6 ||    23
       Mace              |       |       |    25 ||    25
       Punch             |       |       |     1 ||     1
 Cast: Magic Dart        |    61 |   122 |   113 ||   296
       Searing Ray       |       |    14 |     8 ||    22
       Fulminant Prism   |       |       |     6 ||     6
       Iskenderun's Myst |       |       |     2 ||     2
Armor: Robe              |     1 |    16 |    12 ||    29
Dodge: Dodged            |       |    31 |    36 ||    67

Table legend: (Time is in decaauts)
 A = Elapsed time spent in this place.
 B = Non-inter-level travel time spent in this place.
 C = Inter-level travel time spent in this place.
 D = Time resting spent in this place.
 E = Time spent auto-exploring this place.
 F = Levels seen in this place.
 G = Mean time per level.
                   A        B        C        D        E       F      G
               +--------+--------+--------+--------+--------+-----+--------+
         Total |   6157 |   6063 |     94 |    118 |   4889 |   6 | 1026.2 |
       Dungeon |   4201 |   4107 |     94 |    118 |   3161 |   5 |  840.2 |
       Ossuary |   1956 |   1956 |      0 |      0 |   1728 |   1 | 1956.0 |
               +--------+--------+--------+--------+--------+-----+--------+

Top non-repeatable levels by time:
 Ossuary: 1956 daAuts
     D:4: 1663 daAuts
     D:1: 1064 daAuts
     D:3: 624 daAuts
     D:5: 481 daAuts
     D:2: 366 daAuts
